 Dungeon Crawl Stone Soup version 0.32-a0-913-g739538afd8 (webtiles) character file.

Game seed: 8656395158338008884

1730 Adrian566 the Covert (level 9, -7/57 HPs)
             Began as an Octopode Brigand on Apr 9, 2024.
             Was a Follower of Dithmenos.
             Mangled by a wyvern (8 damage)
             ... on level 7 of the Dungeon.
             The game lasted 00:05:42 (5757 turns).

Adrian566 the Covert (Octopode Brigand)             Turns: 5757, Time: 00:05:43

Health: -7/57      AC: -2    Str: 10    XL:     9   Next: 5%
Magic:  9/9        EV: 13    Int: 14    God:    Dithmenos [*.....]
Gold:   291        SH:  0    Dex: 17    Spells: 8/8 levels left

rFire   . . .        a - +3 dagger
rCold   . . .        (no shield)
rNeg    . . .        d - +1 hat "Cosets" {Slay+6}
rPois   .            (no amulet)
rElec   .            p - ring of see invisible
rCorr   .            (no ring)
SInv    +            (no ring)
Will    .....        (no ring)
Stlth   ++++++++     (no ring)
HPRegen 0.29/turn    (no ring)
MPRegen 0.11/turn    (no ring)
                     (no ring)

%: no passive effects
@: corroded, wreathed by umbra
A: almost no armour, amphibious, 8 rings, camouflage 1, gelatinous body 1,
(nimble swimmer 1), tentacles
a: Renounce Religion


You were on level 7 of the Dungeon.
You worshipped Dithmenos.
Dithmenos was aware of your devotion.
You visited 2 branches of the dungeon, and saw 8 of its levels.

You collected 291 gold pieces.

Inventory:

Hand Weapons
 a - a +3 dagger (weapon)
Missiles
 b - 14 poisoned darts (quivered)
 c - 3 curare-tipped darts
 e - a throwing net
 l - 6 atropa-tipped darts
Armour
 d - the +1 hat "Cosets" (worn) {Slay+6}
   (You acquired it on level 4 of the Dungeon)

   Slay+6:    It affects your accuracy & damage with ranged weapons and melee
   (+6).
Jewellery
 p - a ring of see invisible (left tentacle)
Wands
 i - a wand of light (5)
 q - a wand of flame (24)
Scrolls
 h - 2 scrolls of fear
 m - a scroll of torment
Potions
 f - a potion of might
 g - 2 potions of brilliance
 j - a potion of degeneration {unknown}
 k - 2 potions of mutation {unknown}
 n - a potion of berserk rage {unknown}
 o - a potion of enlightenment
 r - a potion of haste {unknown}
 s - a potion of lignification


   Skills:
 + Level 3.3 Fighting
 + Level 4.7 Short Blades
 + Level 2.5 Throwing
 + Level 2.7 Dodging
 * Level 14.2 Stealth


You had 8 spell levels left.
You didn't know any spells.
Your spell library contained the following spells:

 Spells                   Type           Power      Damage    Failure   Level
 Fugue of the Fallen      Necr           0%         N/A       65%         3
 Hailstorm                Conj/Ice       0%         3d5       65%         3
 Ozocubu's Armour         Ice            0%         N/A       65%         3
 Stone Arrow              Conj/Erth      0%         3d7       65%         3
 Summon Ice Beast         Ice/Summ       0%         N/A       65%         3
 Permafrost Eruption      Ice/Erth       0%         2x4d1     100%        6
 Sculpt Simulacrum        Ice/Alch       0%         N/A       100%        6
 Manifold Assault         Tloc           0%         N/A       100%        7
 Lehudib's Crystal Spear  Conj/Erth      0%         10d2      100%        8
 Animate Armour           Summ/Erth      Unusable   N/A       N/A         4

Dungeon Overview and Level Annotations

Branches:
Dungeon (7/15)             Temple (1/1) D:5

Altars:
Ashenzari
Cheibriados
Dithmenos
Elyvilon
Fedhas
Gozag
Hepliaklqana
Kikubaaqudgha
Makhleb
Nemelex Xobeh
Okawaru
Qazlal
Ru
Sif Muna
Trog
Uskayaw
Vehumet
Wu Jian
Xom
Yredelemnul
Zin
The Shining One

Annotations:
D:4 Pargi


Innate Abilities, Weirdness & Mutations

You cannot wear most types of armour.
You are amphibious.
You can wear up to eight rings at the same time.
Your skin changes colour to match your surroundings (Stealth+).
Your rubbery body absorbs attacks. (AC +1, EV +1)
((You are camouflaged when in or above water. (Stealth+)))
You have tentacles for arms and can constrict up to eight enemies at once.


Message History

You climb downwards.
There is a stone staircase leading up here.
A sleepcap comes into view.
A jelly and a white imp come into view.
The white imp moves out of view.
A wyvern comes into view.
The sleepcap completely misses you.
The jelly quivers.
The white imp shouts, "Decamp, thou rank earth-vexing tiddler!"
You hit the sleepcap. You grab the sleepcap.
The sleepcap is moderately damaged.
You constrict the sleepcap.
The wyvern hisses angrily.
You puncture the sleepcap!
The sleepcap is severely damaged.
You constrict the sleepcap. The sleepcap misses you.
You hit the sleepcap but do no damage.
The sleepcap is severely damaged.
You constrict the sleepcap. The sleepcap releases spores at you.
You are engulfed in a cloud of soporific spores!
You fall asleep.
You lose your grip on the sleepcap.
The jelly barely misses you. The sleepcap releases spores at you!
You wake up.
The jelly attacks as it pursues you! The jelly misses you.
The jelly attacks as it pursues you! The jelly closely misses you.
You puncture the jelly!
Your tentacles burn!
The jelly is heavily wounded.
The jelly hits you. The acid corrodes you!
You are splashed with acid.
You hit the jelly.
Your tentacles burn!
The jelly is almost dead.
You puncture the jelly!
You kill the jelly!
Dithmenos accepts your kill. The wyvern bites you.
You hit the wyvern but do no damage. The wyvern closely misses you.
Unknown command.
You completely miss the wyvern. The wyvern bites you!!
* * * LOW HITPOINT WARNING * * *
You hit the wyvern but do no damage. The wyvern bites you!
You die...

### . .. ... #.
.....#.########
......5fk@....#
.......######.#
....... #.#
#.....# #.#
##...# #.#
#...# #.# ....
##.### ...
##....#
####...#.##


You could see a wyvern, a sleepcap and a white imp.

Vanquished Creatures
  A steam dragon (D:6)
  2 vampire mosquitoes (D:6)
  A water moccasin (D:5)
  2 black bears (D:6)
  An ogre (D:5)
  2 phantoms
  3 scorpions
  A gnoll sergeant (D:4)
  A howler monkey (D:6)
  4 hounds
  A jelly (D:7)
  A gnoll bouda (D:5)
  An orc priest (D:4)
  A sleepcap (D:5)
  3 iguanas
  An orc wizard (D:6)
  6 adders
  8 gnolls
  2 dart slugs
  2 ribbon worms
  6 orcs
  3 ball pythons
  5 endoplasms
  3 giant cockroaches
  5 goblins
  8 hobgoblins
  6 jackals
  2 quokkas
  6 bats
  2 frilled lizards
  8 kobolds
  5 rats
103 creatures vanquished.

Notes
Turn   | Place    | Note
-------+----------+-------------------------------------------
     0 | D:1      | Adrian566 the Octopode Brigand began the quest for the Orb.
     0 | D:1      | Reached XP level 1. HP: 14/14 MP: 1/1
   110 | D:1      | Found a faded altar of an unknown god.
   429 | D:1      | Reached XP level 2. HP: 19/19 MP: 2/2
   469 | D:1      | Reached skill level 6 in Stealth
   992 | D:2      | Reached XP level 3. HP: 10/24 MP: 3/3
  1538 | D:2      | Reached skill level 7 in Stealth
  1792 | D:3      | Reached XP level 4. HP: 29/29 MP: 4/4
  1946 | D:3      | Identified the +10 sling "Coqaton" {heavy, rCorr Dex+3}
  2025 | D:3      | Found a shimmering blue altar of Sif Muna.
  2366 | D:4      | Noticed a scorpion
  2372 | D:4      | Killed a scorpion
  2373 | D:4      | Reached skill level 8 in Stealth
  2373 | D:4      | Reached XP level 5. HP: 34/34 MP: 5/5
  2489 | D:4      | Reached skill level 9 in Stealth
  2489 | D:4      | Reached XP level 6. HP: 39/39 MP: 6/6
  2752 | D:4      | Noticed Pargi
  2766 | D:4      | Identified a scroll of acquirement
  2766 | D:4      | Acquired the +1 hat "Cosets" {Slay+6}
  2768 | D:4      | HP: 2/58 [poisoned by an orc]
  3322 | D:4      | You fall into a shaft and drop 1 floor!
  3322 | D:5      | Entered Level 5 of the Dungeon
  3334 | D:5      | Reached skill level 10 in Stealth
  3415 | D:5      | Found a staircase to the Ecumenical Temple.
  3429 | Temple   | Entered the Ecumenical Temple
  3510 | Temple   | Became a worshipper of Dithmenos the Shadowed
  3570 | D:5      | Noticed a water moccasin
  3581 | D:5      | Reached XP level 7. HP: 43/45 MP: 7/7
  3666 | D:5      | Reached skill level 11 in Stealth
  4356 | D:5      | Reached skill level 12 in Stealth
  4356 | D:5      | Reached XP level 8. HP: 51/51 MP: 8/8
  4842 | D:6      | Reached skill level 13 in Stealth
  5007 | D:6      | Reached * piety under Dithmenos
  5155 | D:6      | Reached skill level 14 in Stealth
  5155 | D:6      | Reached XP level 9. HP: 19/57 MP: 9/9
  5756 | D:7      | HP: 1/57 [wyvern (19)]
  5757 | D:7      | Mangled by a wyvern

Illustrated notes

Levels and vault maps discovered:
D:1:      dpeg_arrival_three_same_balls, layout_loops_ring,
          basic_ecumenical_altar, grunt_decor_clamped
D:2:      layout_loops_ring, corexii_corridor_pit, grunt_ministairs_9
D:3:      layout_loops_cross, amcnicky_altar_gilded, minmay_misc_feat_tower,
          minmay_pentangle
D:4:      layout_basic, uniq_pargi
D:5:      layout_cave_pods, minmay_temple_entry_stoned_glass,
          hangedman_decor_growths
D:6:      layout_basic, skrybe_limestone_x
D:7:      layout_loops_corners, kennysheep_generic_room_12
Temple:   roderic_octagonal_lattice_temple

Skill      XL: |  1  2  3  4  5  6  7  8 |
---------------+-------------------------+-----
Stealth        | 6 7 8 9 10 12 14 | 14.2
Short Blades   | 3 4 |  4.7
Dodging        | 2 |  2.7
Fighting       | 3 |  3.3
Throwing       | |  2.5

Action                     |  1- 3 |  4- 6 |  7- 9 || total
---------------------------+-------+-------+-------++-------
  Melee: Dagger            |    52 |    56 |    67 ||   175
         Constrict         |    13 |    14 |    19 ||    46
         Tentacles         |     6 |     9 |    12 ||    27
  Throw: Dart              |       |     4 |       ||     4
    Use: Scroll            |    10 |     6 |       ||    16
         Potion            |       |     5 |       ||     5
   Stab: Sleeping          |    14 |    19 |     7 ||    40
         Distracted        |       |     2 |     1 ||     3
 Armour: Skin              |    24 |    17 |    36 ||    77
  Dodge: Dodged            |    16 |    16 |    40 ||    72

Table legend: (Time is in decaauts)
 A = Elapsed time spent in this place.
 B = Non-inter-level travel time spent in this place.
 C = Inter-level travel time spent in this place.
 D = Time resting spent in this place.
 E = Time spent auto-exploring this place.
 F = Levels seen in this place.
 G = Mean time per level.
                   A        B        C        D        E       F      G
               +--------+--------+--------+--------+--------+-----+--------+
         Total |   5727 |   5491 |    236 |   1257 |   3534 |   8 |  715.9 |
       Dungeon |   5624 |   5465 |    159 |   1257 |   3513 |   7 |  803.4 |
        Temple |    102 |     25 |     77 |      0 |     21 |   1 |  102.0 |
               +--------+--------+--------+--------+--------+-----+--------+

Top non-repeatable levels by time:
     D:6: 1195 daAuts
     D:5: 1083 daAuts
     D:1: 981 daAuts
     D:4: 950 daAuts
     D:2: 730 daAuts
     D:3: 646 daAuts
  Temple: 102 daAuts
     D:7: 37 daAuts
